 Dungeon Crawl Stone Soup version 0.27-a0-1438-g9b7c6745da (webtiles) character file.

Game seed: 9967490912432539355

206 Gargoyl the Skirmisher (level 5, -5/47 HPs)
             Began as a Gnoll Abyssal Knight on July 4, 2021.
             Was a Believer of Lugonu.
             Splashed by Ijyb's acid (9 damage)
             ... on level 4 of the Dungeon.
             The game lasted 00:03:09 (2809 turns).

Gargoyl the Skirmisher (Gnoll Abyssal Knight)       Turns: 2809, Time: 00:03:10

Health: -5/47      AC:  4    Str: 12    XL:     5   Next: 84%
Magic:  8/8        EV:  6    Int: 12    God:    Lugonu [**....]
Gold:   117        SH:  0    Dex: 11    Spells: 7/7 levels left

rFire    . . .     SeeInvis .   c - +4 war axe (vorpal)
rCold    . . .     Faith    .   (no shield)
rNeg     . . .     Spirit   .   f - +0 chain mail
rPois    .         Reflect  .   (no helmet)
rElec    .         Harm     .   (no cloak)
rCorr    .         Rampage  .   (no gloves)
Will     .....                  e - +2 pair of boots
Stlth    ..........             (no amulet)
HPRegen  0.15/turn              (no ring)
MPRegen  0.11/turn              (no ring)

@: corroded
A: fangs 1, strong nose, distributed training
a: Renounce Religion, Depart the Abyss, Bend Space


You were on level 4 of the Dungeon.
You worshipped Lugonu.
Lugonu was pleased with you.
You visited 1 branch of the dungeon, and saw 4 of its levels.
You visited the Abyss 1 time.

You collected 117 gold pieces.

Inventory:

Hand Weapons
 a - a +1 hand axe
 c - a +4 vorpal war axe (weapon)
 k - a +1 long sword of holy wrath
Missiles
 d - 3 curare-tipped darts
 l - 14 poisoned darts (quivered)
Armour
 e - a +2 pair of boots (worn)
 f - a +0 chain mail (worn)
Scrolls
 i - a scroll of magic mapping
Potions
 g - a potion of flight
 h - 2 potions of lignification {unknown}
 j - a potion of invisibility {unknown}


   Skills:
 + Level 6.7 Fighting
 + Level 1.6 Short Blades
 + Level 1.6 Long Blades
 + Level 4.8 Axes
 + Level 1.6 Maces & Flails
 + Level 1.6 Polearms
 + Level 1.6 Staves
 + Level 1.6 Slings
 + Level 1.6 Bows
 + Level 1.6 Crossbows
 + Level 1.6 Throwing
 + Level 4.8 Armour
 + Level 3.1 Dodging
 + Level 1.6 Stealth
 + Level 1.6 Shields
 + Level 1.6 Unarmed Combat
 + Level 1.6 Spellcasting
 + Level 1.3 Conjurations
 + Level 1.3 Hexes
 + Level 1.3 Summonings
 + Level 1.3 Necromancy
 + Level 1.3 Translocations
 + Level 1.3 Transmutations
 + Level 1.3 Fire Magic
 + Level 1.3 Ice Magic
 + Level 1.3 Air Magic
 + Level 1.3 Earth Magic
 + Level 1.3 Poison Magic
 + Level 4.9 Invocations
 + Level 1.6 Evocations


You had 7 spell levels left.
You didn't know any spells.
Your spell library contained the following spells:

 Spells                   Type           Power      Damage    Failure   Level
 Shock                    Conj/Air       16%        1d4       99%         1
 Swiftness                Air            4%         N/A       100%        3
 Airstrike                Air            2%         N/A       100%        4


Dungeon Overview and Level Annotations

Branches:
Dungeon (4/15)
 Temple: D:4-7

Altars:

Annotations:
D:4 Ijyb


Innate Abilities, Weirdness & Mutations

You have very sharp teeth.
Your uncanny sense of smell can sniff out nearby items.
Your experience applies equally to all skills.


Message History

Unknown command.
Throw: 17 darts (poison)
Press: ? - help, Q - select action, (/) - cycle Shift-Dir - straight line, f/p - Ijyb
Aim: Ijyb, wielding a +0 dagger, wearing a +0 leather armour and carrying a wand of acid (8) (lightly wounded, poisoned, 50% to hit)
You throw a poisoned dart. The poisoned dart barely misses Ijyb.
Ijyb zaps a wand.
The bolt of acid hits you!
You are splashed with acid!
Throw: 16 darts (poison)
Press: ? - help, Q - select action, (/) - cycle Shift-Dir - straight line, f/p - Ijyb
Aim: Ijyb, wielding a +0 dagger, wearing a +0 leather armour and carrying a wand of acid (7) (lightly wounded, poisoned, 50% to hit)
You throw a poisoned dart. The poisoned dart barely misses Ijyb.
Unknown command.
It was a potion of curing.
You feel better.
Throw: 15 darts (poison)
Press: ? - help, Q - select action, (/) - cycle Shift-Dir - straight line, f/p - Ijyb
Aim: Ijyb, wielding a +0 dagger, wearing a +0 leather armour and carrying a wand of acid (7) (moderately wounded, poisoned, 51% to hit)
You throw a poisoned dart. The poisoned dart barely misses Ijyb.
Unknown command.
You hit Ijyb but do no damage. You bite Ijyb, but do no damage.
Ijyb is moderately wounded.
Ijyb barely misses you.
You hit Ijyb but do no damage.
Ijyb is moderately wounded.
Ijyb looks more healthy.
Ijyb zaps a wand.
The bolt of acid misses you.
You barely miss Ijyb. Your bite misses Ijyb.
Ijyb is moderately wounded.
Ijyb zaps a wand.
The bolt of acid hits you. The acid corrodes you!
You are splashed with acid!
Ijyb barely misses you.
You feel better.
Ijyb screams, "Die!"
Ijyb hits you with a +0 dagger.
You slash Ijyb!
Ijyb is severely wounded.
Ijyb screams, "No!
No, no, no, no!"
Ijyb hits you but does no damage.
You barely miss Ijyb.
Ijyb is severely wounded.
Ijyb zaps a wand.
The bolt of acid hits you!!
* * * LOW HITPOINT WARNING * * *
The acid corrodes you!
You are splashed with acid!
You die...

#.....#
#).(.(#
#.....#
#.....#
#.....#
#.....#
#.....#
#..g..#
#..@..#
#<....#
#######


You could see Ijyb.

Vanquished Creatures
  An ogre (D:3)
  A hound (D:4)
  Jessica (D:3)
  An adder (D:2)
  2 worms
  A dart slug (D:2)
  8 ball pythons
  5 endoplasms
  A giant cockroach (D:1)
  4 goblins
  3 hobgoblins
  4 jackals (D:2)
  A quokka (D:1)
  6 bats
  A frilled lizard (D:1)
  2 kobolds
  5 rats
47 creatures vanquished.

Notes
Turn   | Place    | Note
-------+----------+-------------------------------------------
     0 | Abyss:1  | Gargoyl the Gnoll Abyssal Knight began the quest for the
                  | Orb.
     0 | Abyss:1  | Reached XP level 1. HP: 23/23 MP: 3/3
   101 | Abyss:1  | Identified a scroll of acquirement
   101 | Abyss:1  | Acquired a +4 vorpal war axe
   147 | Abyss:2  | Noticed an ancient zyme
   154 | D:1      | Escaped the Abyss
   205 | D:1      | Found a faded altar of an unknown god.
   344 | D:1      | Reached * piety under Lugonu
   406 | D:1      | Reached XP level 2. HP: 29/29 MP: 5/5
  1238 | D:2      | Reached XP level 3. HP: 33/35 MP: 6/6
  1819 | D:2      | Reached skill level 1 in Short Blades
  1819 | D:2      | Reached skill level 1 in Long Blades
  1819 | D:2      | Reached skill level 1 in Maces & Flails
  1819 | D:2      | Reached skill level 1 in Polearms
  1819 | D:2      | Reached skill level 1 in Staves
  1819 | D:2      | Reached skill level 1 in Slings
  1819 | D:2      | Reached skill level 1 in Bows
  1819 | D:2      | Reached skill level 1 in Crossbows
  1819 | D:2      | Reached skill level 1 in Throwing
  1819 | D:2      | Reached skill level 1 in Stealth
  1819 | D:2      | Reached skill level 1 in Shields
  1819 | D:2      | Reached skill level 1 in Unarmed Combat
  1819 | D:2      | Reached skill level 1 in Spellcasting
  1819 | D:2      | Reached skill level 1 in Evocations
  1977 | D:3      | Noticed Jessica
  1981 | D:3      | Killed Jessica
  1982 | D:3      | Reached XP level 4. HP: 41/41 MP: 7/7
  2355 | D:3      | Noticed an ogre
  2366 | D:3      | Killed an ogre
  2367 | D:3      | Reached skill level 1 in Conjurations
  2367 | D:3      | Reached skill level 1 in Hexes
  2367 | D:3      | Reached skill level 1 in Summonings
  2367 | D:3      | Reached skill level 1 in Necromancy
  2367 | D:3      | Reached skill level 1 in Translocations
  2367 | D:3      | Reached skill level 1 in Transmutations
  2367 | D:3      | Reached skill level 1 in Fire Magic
  2367 | D:3      | Reached skill level 1 in Ice Magic
  2367 | D:3      | Reached skill level 1 in Air Magic
  2367 | D:3      | Reached skill level 1 in Earth Magic
  2367 | D:3      | Reached skill level 1 in Poison Magic
  2367 | D:3      | Reached XP level 5. HP: 47/47 MP: 8/8
  2518 | D:3      | Reached ** piety under Lugonu
  2795 | D:4      | Noticed Ijyb
  2809 | D:4      | Splashed by Ijyb's acid

Illustrated notes

Levels and vault maps discovered:
D:1:      lightli_arrival_windingriver, layout_basic,
          ebering_ecumenical_altar_rust
D:2:      layout_basic, minmay_misc_feat_roman, chequers_garden
D:3:      layout_basic, uniq_jessica
D:4:      layout_gridville, serial_forest, infiniplex_forest_clump_medium,
          infiniplex_forest_lined_3_way, infiniplex_forest_lined_3,
          infiniplex_forest_3_way, infiniplex_forest_end_1,
          infiniplex_forest_clump_diagonal, infiniplex_forest_end_3,
          infiniplex_forest_clump_medium, uniq_menkaure, uniq_ijyb

Skill      XL: |  1  2  3  4 |
---------------+-------------+-----
Short Blades   | 1 |  1.6
Long Blades    | 1 |  1.6
Maces & Flails | 1 |  1.6
Polearms       | 1 |  1.6
Staves         | 1 |  1.6
Slings         | 1 |  1.6
Bows           | 1 |  1.6
Crossbows      | 1 |  1.6
Throwing       | 1 |  1.6
Stealth        | 1 |  1.6
Shields        | 1 |  1.6
Unarmed Combat | 1 |  1.6
Spellcasting   | 1 |  1.6
Evocations     | 1 |  1.6
Dodging        | 3 |  3.1
Conjurations   | 1 |  1.3
Hexes          | 1 |  1.3
Summonings     | 1 |  1.3
Necromancy     | 1 |  1.3
Translocations | 1 |  1.3
Transmutations | 1 |  1.3
Fire Magic     | 1 |  1.3
Ice Magic      | 1 |  1.3
Air Magic      | 1 |  1.3
Earth Magic    | 1 |  1.3
Poison Magic   | 1 |  1.3
Fighting       | |  6.7
Axes           | |  4.8
Armour         | |  4.8
Invocations    | |  4.9

Action                   |  1- 3 |  4- 6 || total
-------------------------+-------+-------++-------
Melee: War axe           |    65 |    29 ||    94
       Bite              |     2 |     1 ||     3
Throw: Dart              |       |     9 ||     9
Invok: Depart the Abyss  |     1 |       ||     1
  Use: Scroll            |     7 |       ||     7
       Potion            |       |     2 ||     2
Armor: Leather armour    |     4 |       ||     4
       Chain mail        |    53 |    17 ||    70
Dodge: Dodged            |    37 |     9 ||    46

Table legend: (Time is in decaauts)
 A = Elapsed time spent in this place.
 B = Non-inter-level travel time spent in this place.
 C = Inter-level travel time spent in this place.
 D = Time resting spent in this place.
 E = Time spent auto-exploring this place.
 F = Levels seen in this place.
 G = Mean time per level.
                   A        B        C        D        E       F      G
               +--------+--------+--------+--------+--------+-----+--------+
         Total |   2833 |   2753 |     80 |      0 |   2335 |   6 |  472.2 |
       Dungeon |   2679 |   2599 |     80 |      0 |   2209 |   4 |  669.8 |
         Abyss |    153 |    153 |      0 |      0 |    126 |   2 |   76.5 |
               +--------+--------+--------+--------+--------+-----+--------+

Top non-repeatable levels by time:
     D:1: 978 daAuts
     D:2: 861 daAuts
     D:3: 762 daAuts
 Abyss:1: 116 daAuts
     D:4: 77 daAuts
 Abyss:2: 36 daAuts
